Map: Lost and Found LE

Players

Probe

  • Race: Protoss Protoss
  • Spawn Location: 1:00

Cham - Winner!

  • Race: Zerg Zerg
  • Spawn Location: 7:00

Event: WCS Austin 2018

VOD

Have the link to the VOD?

Description

Time

  • Played on: June 1, 2018, 5:12 p.m.
  • Length: 7:41

All games in this series

Show
View Real Time Build Order
Export as new Build Order

Probe Protoss 

Build Orders: 1 Gate Expand, Oracle Opening, Phoenix Opening 

Get SALT Encoding   

  12  0:00  Probe  
  13  0:13  Probe  
  14  0:18  Pylon  
  14  0:25  Probe  
  15  0:33  Probe  
  15  0:39  Gateway  
  15  0:41  Probe  
  16  0:48  Assimilator  
  17  0:51  Probe  
  18  1:03  Probe  
  19  1:15  Probe  
  20  1:26  Nexus  
  20  1:36  Cybernetics Core  
  20  1:39  Probe  
  21  1:43  Assimilator  
  21  1:51  Probe  
  21  1:52  Pylon  
  22  2:02  Probe  
  22  2:03  Adept  
  23  2:10  Probe  
  26  2:18  Probe  
  26  2:20  Stargate  
  27  2:29  Probe  
  27  2:33  Warp Gate  
  27  2:34  Probe  
  28  2:37  Adept  
  28  2:41  Probe  
  28  2:42  Probe  
  33  2:53  Probe x2  
  33  2:56  Phoenix  
  35  3:04  Adept  
  35  3:05  Probe  
  40  3:06  Probe  
  40  3:09  Pylon  
  41  3:17  Probe  
  41  3:18  Probe  
  43  3:20  Oracle  
  46  3:29  Probe  
  46  3:30  Probe  
  48  3:35  Gateway  
  48  3:39  Gateway  
  48  3:41  Probe  
  48  3:42  Probe  
  50  3:49  Pylon  
  50  3:53  Probe  
  50  3:54  Probe  
  52  3:57  Oracle  
  52  3:58  Assimilator  
  52  3:59  Assimilator  
  52  4:03  Pylon  
  52  4:05  Probe  
  52  4:07  Probe  
  57  4:13  Twilight Council  
  57  4:18  Probe  
  57  4:19  Probe  
  59  4:25  Resonating Glaives  
  59  4:30  Probe  
  60  4:31  Probe  
  60  4:34  Pylon  
  61  4:39  Adept x3  
  61  4:42  Pylon, Probe  
  61  4:43  Probe  
  69  4:48  Nexus  
  69  5:01  Adept x3  
  69  5:06  Probe  
  76  5:13  Probe  
  77  5:16  Robotics Facility  
  77  5:18  Probe  
  78  5:27  Adept x3  
  78  5:28  Robotics Facility  
  84  5:30  Probe  
  86  5:37  Pylon  
  86  5:38  Pylon  
  86  5:39  Pylon  
  85  5:53  Probe  
  85  5:55  Sentry x3  
  85  5:56  Shield Battery  
  92  6:00  Probe  
  92  6:01  Probe  
  94  6:06  Probe  
  95  6:13  Probe x2  
  95  6:18  Probe  
  96  6:29  Sentry x3  
  96  6:31  Immortal x2  
  96  6:32  Gateway  
  92  6:34  Gateway, Probe  
  92  6:35  Gateway x2  
  92  6:39  Probe x2  
  93  6:54  Gateway x2, Sentry  
  93  6:56  Adept  
  93  6:57  Adept  
  99  7:14  Pylon  
  107  7:22  Adept x3  
  103  7:33  Adept x4  
Show
View Real Time Build Order
Export as new Build Order

Cham Zerg - Winner!

Build Orders: Hatch First 

Get SALT Encoding   

  12  0:00  Drone  
  13  0:08  Drone  
  14  0:16  Overlord  
  14  0:35  Drone  
  15  0:43  Hatchery  
  15  0:48  Drone  
  15  0:55  Drone  
  16  1:01  Drone  
  16  1:03  Drone  
  18  1:15  Extractor  
  18  1:17  Spawning Pool  
  16  1:20  Drone  
  16  1:22  Drone  
  18  1:31  Drone  
  19  1:41  Overlord  
  19  1:53  Drone  
  20  1:55  Drone  
  21  2:06  Overlord  
  21  2:07  Queen x2  
  25  2:08  Zergling x2  
  26  2:16  Zergling x2  
  26  2:17  Drone  
  28  2:26  Drone  
  28  2:27  Drone  
  30  2:40  Hatchery  
  29  2:45  Queen  
  29  2:48  Zergling x2  
  29  2:49  Drone  
  33  2:53  Drone x2  
  35  3:00  Overlord  
  35  3:04  Drone  
  36  3:10  Overlord  
  36  3:11  Drone  
  37  3:19  Drone x3  
  41  3:20  Drone x3  
  41  3:26  Queen  
  45  3:32  Drone  
  45  3:34  Overlord  
  46  3:35  Overlord  
  46  3:39  Spore Crawler  
  45  3:42  Spore Crawler  
  45  3:47  Drone x2  
  46  3:49  Drone x2  
  46  3:50  Drone  
  46  3:53  Spore Crawler  
  46  3:54  Drone  
  49  3:58  Drone x2  
  49  4:01  Drone  
  52  4:08  Overlord  
  52  4:10  Drone x3  
  52  4:11  Drone  
  56  4:17  Lair  
  56  4:23  Drone  
  56  4:24  Drone  
  58  4:25  Drone x2  
  58  4:26  Drone  
  58  4:29  Drone, Roach Warren  
  60  4:31  Drone  
  60  4:32  Drone  
  60  4:33  Extractor  
  60  4:34  Drone  
  60  4:35  Drone  
  60  4:37  Drone x2  
  65  4:38  Drone  
  65  4:43  Drone, Extractor  
  66  4:46  Overlord  
  66  4:48  Drone  
  66  4:50  Overlord  
  66  4:51  Extractor  
  66  4:52  Evolution Chamber  
  65  4:53  Drone x3  
  68  5:12  Roach x8  
  84  5:14  Glial Reconstitution  
  84  5:18  Overlord  
  84  5:21  Overlord  
  83  5:22  Roach x3  
  83  5:26  Metabolic Boost  
  89  5:29  Overlord  
  89  5:30  Roach  
  89  5:33  Roach  
  93  5:35  Overlord  
  93  5:41  Zerg Missile Weapons Level 1  
  95  5:43  Roach  
  95  5:49  Roach  
  101  5:50  Roach x2  
  101  5:51  Overlord x2  
  101  5:56  Roach x3  
  107  5:57  Overlord  
  107  6:05  Roach x2  
  107  6:06  Roach x2  
  107  6:08  Roach  
  115  6:12  Roach  
  115  6:13  Roach  
  115  6:14  Roach  
  115  6:17  Overlord  
  121  6:18  Roach  
  121  6:20  Overlord  
  121  6:21  Roach  
  121  6:22  Roach  
  123  6:32  Roach x2  
  128  6:33  Roach  
  128  6:37  Overlord  
  128  6:38  Roach x2  
  128  6:39  Zergling x6  
  135  6:41  Zergling x2  
  136  6:48  Roach, Zergling x4  
  136  6:49  Zergling x2  
  136  6:50  Zergling x2  
  136  6:51  Queen  
  136  6:53  Zergling x4  
  146  6:54  Zergling x2  
  146  6:55  Zergling x2  
  146  6:58  Zergling x4  
  150  7:02  Zergling x2  
  150  7:03  Zergling x2  
  150  7:07  Zergling x2  
  149  7:14  Roach x2  
  151  7:16  Ravager x3  
  151  7:17  Roach x2  
Tags
 
Add a new tag
Caveats
  • Supply blocks, unpowered buildings, or Contaminate may cause inaccurate times.
  • Supply counts are checked every 10 seconds.